 Dungeon Crawl Stone Soup version 0.23.0 (webtiles) character file.

Game seed: 12385031281646634553

188 Laan the Chiller (level 5, -1/28 HPs)
             Began as a Gargoyle Ice Elementalist on Feb 13, 2019.
             Slain by Grinder (8 damage)
             ... while paralysed by Grinder
             ... on level 3 of the Dungeon.
             The game lasted 00:05:06 (1909 turns).

Laan the Chiller (Gargoyle Ice Elementalist)        Turns: 1909, Time: 00:05:07

Health: -1/28      AC:  6    Str: 11    XL:     5   Next: 67%
Magic:  1/9        EV:  2    Int: 17    God:
Gold:   29         SH:  0    Dex: 10    Spells: 7/10 levels left

rFire    . . .     SeeInvis .   g - +0 dagger (venom)
rCold    . . .     Gourm    .   (no shield)
rNeg     + . .     Faith    .   a - +0 robe
rPois    ∞         Spirit   .   (no helmet)
rElec    +         Reflect  .   (no cloak)
rCorr    .         Harm     .   (no gloves)
MR       .....                  (no boots)
Stlth    ++........             (no amulet)
HPRegen  0.09/turn              (no ring)
MPRegen  0.11/turn              (no ring)

@: paralysed
A: negative energy resistance 1, electricity resistance, unbreathing,
petrification resistance, rot immunity, AC +4
a: no special abilities


You were on level 3 of the Dungeon.
You were not hungry.

You visited 1 branch of the dungeon, and saw 3 of its levels.

You collected 29 gold pieces.

Inventory:

Hand Weapons
 g - a +0 dagger of venom (weapon)
Missiles
 i - 41 stones (quivered)
Armour
 a - a +0 robe (worn)
Scrolls
 d - 2 scrolls of remove curse {unknown}
 e - a scroll of immolation {unknown}
 f - 3 scrolls of identify {unknown}
 l - a scroll of random uselessness {unknown}
Potions
 b - a potion of flight {unknown}
 j - a potion of curing {unknown}
 k - a potion of might {unknown}
 m - a potion of degeneration {unknown}
 n - 2 potions of mutation {unknown}
Comestibles
 c - 4 rations
 h - 9 chunks of flesh


   Skills:
 - Level 1.5 Dodging
 - Level 2.1 Stealth
 + Level 3.3 Spellcasting
 + Level 1.7 Conjurations
 * Level 5.2 Ice Magic


You had 7 spell levels left.
You knew the following spells:

 Your Spells              Type           Power        Failure   Level  Hunger
a - Freeze                Ice            ###.         1%          1    None
b - Throw Frost           Conj/Ice       ##....       6%          2    ##.....

Your spell library contained the following spells:

 Spells                   Type           Power        Failure   Level  Hunger
 Ozocubu's Armour         Chrm/Ice       ##......     17%         3    ###....
 Throw Icicle             Conj/Ice       ##......     38%         4    ####...
 Summon Ice Beast         Ice/Summ       ##......     50%         4    ####...


Dungeon Overview and Level Annotations

Branches:
Dungeon (3/15)

Altars:

Annotations:
D:3 Grinder


Innate Abilities, Weirdness & Mutations

You are resistant to torment.
Your stone body is resilient. (AC +4)
You are immune to poison.
You resist negative energy. (rN+)
You are resistant to electric shocks. (rElec)
You can survive without breathing.
You are immune to petrification.
You are immune to rotting.


Message History

Casting: Freeze (safe; 1% risk of failure)
Confirm with . or Enter, or press ? or * to list all spells.
Aiming: Freeze (safe; 1% risk of failure)
Press: ? - help, Shift-Dir - straight line, f/p - Grinder
Aim: Grinder (lightly wounded) Grinder completely resists.
You freeze Grinder but do no damage. Grinder hits you but does no damage.
You hit Grinder.
Grinder is poisoned.
Grinder is moderately wounded.
Grinder closely misses you.
You hit Grinder but do no damage.
Grinder looks even sicker.
Grinder is moderately wounded.
Grinder gestures at you.
You suddenly lose the ability to move!
Grinder gestures at you. Pain shoots through your body!
* * * LOW HITPOINT WARNING * * *
Grinder barely misses you. Grinder hits you!
You die...

#...... #.....#
#.....# #...÷.#
##....# #####....#
....###)#### #
#.###........###.
.......5@.......
#.
#.###.....##..###
.. #.......#.##..#
.##
..####(....)†.##
...##
#.#.###...##.....#
#[......#...).#
#.......##...#.#
#.÷...#####..#
#.....# #..#


You could see Grinder.

Vanquished Creatures
  A crimson imp (D:3)
  Natasha (thrice) (D:2)
  2 adders
  A worm (D:2)
  3 dart slugs
  3 leopard geckos
  5 bats
  5 giant cockroaches
  6 goblins
  3 hobgoblins
  A quokka (D:3)
  4 frilled lizards (D:1)
  11 kobolds
  3 rats (D:1)
51 creatures vanquished.

Notes
Turn   | Place    | Note
-------+----------+-------------------------------------------
     0 | D:1      | Laan the Gargoyle Ice Elementalist began the quest for the
                  | Orb.
     0 | D:1      | Reached XP level 1. HP: 10/10 MP: 3/3
   237 | D:1      | Reached XP level 2. HP: 6/15 MP: 0/5
   894 | D:1      | Reached XP level 3. HP: 18/19 MP: 6/6
  1075 | D:2      | Reached skill level 4 in Ice Magic
  1144 | D:2      | Noticed Natasha
  1154 | D:2      | Killed Natasha
  1154 | D:2      | Reached XP level 4. HP: 24/24 MP: 3/8
  1199 | D:2      | Noticed Natasha
  1211 | D:2      | Killed Natasha
  1258 | D:2      | Noticed Natasha
  1265 | D:2      | Killed Natasha
  1265 | D:2      | Reached XP level 5. HP: 21/28 MP: 4/9
  1341 | D:2      | Learned a level 2 spell: Throw Frost
  1759 | D:3      | Noticed Grinder
  1774 | D:3      | Reached skill level 5 in Ice Magic
  1883 | D:3      | Paralysed by Grinder for 6 turns
  1896 | D:3      | Paralysed by Grinder for 4 turns
  1906 | D:3      | Paralysed by Grinder for 4 turns
  1909 | D:3      | Slain by Grinder

Skill      XL: |  1  2  3  4  5 |
---------------+----------------+-----
Ice Magic      | 4 5 |  5.2
Spellcasting   | 3 |  3.3
Dodging        | |  1.5
Stealth        | |  2.1
Conjurations   | |  1.7

Action                   |  1- 3 |  4- 6 || total
-------------------------+-------+-------++-------
Melee: Dagger            |    34 |    65 ||    99
       Unarmed           |     5 |       ||     5
 Cast: Freeze            |    32 |    22 ||    54
  Eat: Chunk             |     1 |     3 ||     4
Armor: Robe              |    28 |    18 ||    46
Dodge: Dodged            |    41 |    47 ||    88
